 Dungeon Crawl Stone Soup version 0.32-a0-799-g95e1662365 (webtiles) character file.

Game seed: 2152889400165280423

60659 kae the Carver (level 15, -24/112 HPs)
             Began as a Coglin Gladiator on Mar 21, 2024.
             Was a High Priest of Okawaru.
             Annihilated by a titanic slime creature (87 damage)
             ... on level 13 of the Dungeon.
             The game lasted 00:23:22 (21866 turns).

kae the Carver (Coglin Gladiator)                  Turns: 21866, Time: 00:23:23

Health: -24/112    AC: 20    Str: 12    XL:     15   Next: 0%
Magic:  22/22      EV: 17    Int:  8    God:    Okawaru [*****.]
Gold:   1988       SH:  0    Dex: 22    Spells: 14/14 levels left

rFire   + . .        a - +0 long sword (venom) {Jihoo}
rCold   . . .        J - +4 scimitar (flame) {Iseul}
rNeg    . . .        r - +4 ring mail of Isocaf {rElec Will+ Str-3}
rPois   .            c - +1 helmet
rElec   +            H - +0 cloak
rCorr   .            C - +1 pair of gloves {Stlth+}
SInv    .            t - +2 pair of boots {rampage}
Will    ++...        (amulet unavailable)
Stlth   +++          (ring unavailable)
HPRegen 0.38/turn    (ring unavailable)
MPRegen 0.18/turn    L - neocore N-60 {AutoDazzle, rF+ Slay+3}

%: rampage
@: studying Shields, revved
A: off-hand wielding, slow wielding, warmup strikes, no jewellery
a: Renounce Religion, Heroism, Finesse, Duel


You were on level 13 of the Dungeon.
You worshipped Okawaru.
Okawaru was extremely pleased with you.
You visited 3 branches of the dungeon, and saw 19 of its levels.
You also visited: Gauntlet.

You collected 2213 gold pieces.
You spent 225 gold pieces at shops.


Innate Abilities, Weirdness & Mutations

You can wield a second weapon in your off-hand.
It takes a long time for you to wield or remove held weapons.
Your first few attacks do less damage.
You cannot equip rings or amulets.


   Skills:
 + Level 8.9 Fighting
 + Level 14.3 Long Blades
 - Level 1.7 Throwing
 + Level 8.5 Armour
 + Level 11.0 Dodging
 + Level 2.6 Stealth
 - Level 10.0 Invocations
 - Level 10.0 Evocations


You had 14 spell levels left.
You didn't know any spells.
Your spell library contained the following spells:

 Spells                   Type           Power      Damage    Failure   Level
 Jinxbite                 Hex            0%         N/A       77%         2
 Fugue of the Fallen      Necr           0%         N/A       94%         3
 Gell's Gravitas          Tloc           0%         N/A       94%         3
 Ozocubu's Armour         Ice            0%         N/A       94%         3
 Teleport Other           Tloc           0%         N/A       94%         3
 Ignite Poison            Fire/Alch      0%         N/A       100%        4
 Manifold Assault         Tloc           0%         N/A       100%        4
 Sticky Flame             Fire/Alch      0%         2d4       100%        4
 Yara's Violent Unravell  Hex/Alch       0%         3d3       100%        5
 Dispersal                Tloc           0%         N/A       100%        6
 Enfeeble                 Hex            0%         N/A       100%        7
 Ignition                 Fire           0%         3d3       100%        8
 Summon Ice Beast         Ice/Summ       Unusable   N/A       N/A         3
 Animate Dead             Necr           Unusable   N/A       N/A         4
 Summon Mana Viper        Hex/Summ       Unusable   N/A       N/A         5
 Haunt                    Necr/Summ      Unusable   N/A       N/A         7
 Monstrous Menagerie      Summ           Unusable   N/A       N/A         7
 Infestation              Necr           Unusable   N/A       N/A         8

Inventory:

Hand Weapons
 a - a +0 long sword of venom (weapon) {Jihoo}
 o - a +3 dagger of venom {Hugo}
   (You took it off a kobold on level 1 of the Dungeon)
 B - a +0 heavy long sword
   (You took it off an orc on level 8 of the Dungeon)
 J - a +4 scimitar of flaming (offhand) {Iseul}
   (You took it off a wight on level 8 of the Dungeon)
 N - a +5 scimitar
   (You took it off a wight on level 10 of the Dungeon)
Missiles
 d - 6 throwing nets (quivered) {=f!f}
 e - 13 javelins
 n - 163 stones
 u - 12 poisoned darts
 F - 5 datura-tipped darts
 G - 4 atropa-tipped darts
 Q - 10 boomerangs
 V - 7 silver javelins
Armour
 c - a +1 helmet (worn)
 r - the +4 ring mail of Isocaf (worn) {rElec Will+ Str-3}
   (You found it on level 2 of the Dungeon)

   Str-3:     It affects your strength (-3).
   rElec:     It insulates you from electricity.
   Will+:     It increases your willpower.
 t - a +2 pair of boots of rampaging (worn)
   (You found it in a Gauntlet)
 C - a +1 pair of gloves of stealth (worn)
   (You found it in a Gauntlet)
 H - a +0 cloak (worn)
   (You found it on level 8 of the Dungeon)
Magical Staves
 b - a staff of death {!a}
   (You found it in a Gauntlet)
 l - a staff of alchemy {!a}
   (You found it in a Gauntlet)
 p - a staff of earth {!a}
   (You found it on level 1 of the Dungeon)
 I - a staff of death {!a}
   (You found it on level 8 of the Dungeon)
Gizmo
 L - a neocore N-60 (installed) {AutoDazzle, rF+ Slay+3}
   (You invented it yourself on level 4 of the Lair of Beasts)

   [neocore N-60]

   AutoDazzle: It sometimes fires a blinding ray at enemies whose attacks you
   dodge.
   Slay+3:    It affects your accuracy & damage with ranged weapons and melee
   (+3).
   rF+:       It protects you from fire.
Jewellery
 D - a +6 ring of dexterity
   (You found it on level 12 of the Dungeon)
Wands
 f - a wand of digging (4)
   (You found it on level 3 of the Lair of Beasts)
 y - a wand of polymorph (7)
   (You took it off Duvessa on level 7 of the Dungeon)
 E - a wand of light (9)
   (You found it on level 6 of the Dungeon)
 O - a wand of flame (8)
   (You found it in a Gauntlet)
 S - a wand of warping (19)
   (You found it on level 8 of the Dungeon)
 U - a wand of paralysis (12)
   (You took it off Amaemon on level 2 of the Lair of Beasts)
Scrolls
 j - 3 scrolls of fog
 q - 3 scrolls of revelation
 v - 4 scrolls of fear
 P - a scroll of teleportation {@r4}
 T - 2 scrolls of vulnerability {!r!r}
 X - 2 scrolls of poison {!r}
 Y - 2 scrolls of immolation {!r!r}
 Z - a scroll of blinking {!r}
Potions
 g - 7 potions of curing {@q1}
 h - 6 potions of attraction {!q}
 i - 3 potions of lignification {!q}
 k - 4 potions of mutation {!q}
 m - 2 potions of heal wounds {@q2}
 s - 2 potions of magic
 w - 5 potions of haste {@q3}
 x - 5 potions of cancellation
 z - 6 potions of might
 A - a potion of ambrosia
 K - a potion of resistance
 M - 3 potions of invisibility
 R - 2 potions of degeneration {!q}
 W - 2 potions of brilliance

Dungeon Overview and Level Annotations

Branches:
Dungeon (13/15) Zot: 26986  Temple (1/1) D:7 Zot: 5957    Lair (5/5) D:10 Zot: 21828
  Swamp (0/4) Lair:3       Spider (0/4) Lair:2        Slime (0/5) Lair:4
    Orc (0/2) D:11        Gauntlet (visited)
 Vaults: D:13-14

Altars:
Ashenzari
Cheibriados
Dithmenos
Elyvilon
Fedhas
Gozag
Hepliaklqana
Kikubaaqudgha
Makhleb
Nemelex Xobeh
Okawaru
Qazlal
Ru
Sif Muna
Trog
Uskayaw
Vehumet
Wu Jian
Xom
Yredelemnul
Zin
The Shining One

Shops:
D:6 *   D:9 *   D:11 *

Annotations:
Lair:1 2 transporters, exclusion: oklob plant, Coiter's ghost, journeyman SpDe
Lair:3 exclusion: oklob plant

#..# #..#
#..# ###
##..# ....
...##
#...#[..
#...J# #J#
#@# #.#
#.# ##.#
#..# #!#<#
..###....#
#.# #....#
## #...#


You could see a titanic slime creature (extremely poisoned) and a slime
creature.


Message History

a +0 dagger; a +0 robe
Things that are here:
a +0 mace; an orc skeleton The snapping turtle hisses angrily.
Partly explored, can't reach some places.
Partly explored, can't reach some places.
Partly explored, can't reach some places.
Partly explored, can't reach some places.
Partly explored, can't reach some places.
You enter a teleport trap!
The teleport trap disappears.
Your surroundings suddenly seem different.
The snapping turtle hisses angrily.
The snapping turtle hisses angrily.
There is an escape hatch in the floor here.
Key pressed, stopping explore.
Done exploring.
Done exploring.
Done exploring.
Done exploring.
Done exploring.
Okay, then.
You can't wear jewellery.
Unknown command.
Okay, then.
Done exploring.
Done exploring.
There is a stone staircase leading down here.
You climb downwards.
There is a stone staircase leading up here.
There are monsters nearby!
There are monsters nearby!
You rampage towards the slime creature!
A slime creature comes into view. x2
You rampage towards the slime creature!
A slime creature comes into view.
The slime creature quivers.
You rampage towards the slime creature!
The slime creature hits you but does no damage.
Two slime creatures merge to form a large slime creature.
You barely miss the large slime creature with your +0 long sword of venom.
You slash the large slime creature with your +4 scimitar of flaming!
You burn the large slime creature.
The slime creature quivers. x2
You slice the large slime creature with your +4 scimitar of flaming!!
You burn the large slime creature.
You hit the large slime creature but do no damage.
A slime creature comes into view.
The slime creature hits you but does no damage.
You slash the large slime creature with your +0 long sword of venom!
You hit the large slime creature with your +4 scimitar of flaming.
You burn the large slime creature.
Two slime creatures merge to form a very large slime creature.
The slime creature misses you.
The slime creature attacks as it pursues you!
The slime creature misses you.
You slash the slime creature with your +0 long sword of venom!
The slime creature looks as sick as possible!
You completely miss the slime creature with your +4 scimitar of flaming.
You slash the slime creature with your +4 scimitar of flaming!
You burn the slime creature.
You hit the slime creature with your +0 long sword of venom.
Two slime creatures merge to form an enormous slime creature.
The slime creature hits you but does no damage.
Two slime creatures merge to form a large slime creature.
You slash the large slime creature with your +0 long sword of venom!
You slice the large slime creature with your +4 scimitar of flaming!!
You burn the large slime creature.
An enormous slime creature splits.
You hit the large slime creature with your +4 scimitar of flaming.
You burn the large slime creature.
You hit the large slime creature with your +0 long sword of venom.
You slash the large slime creature with your +0 long sword of venom!
You slice the large slime creature with your +4 scimitar of flaming!!
You burn the large slime creature.
A large slime creature splits.
The large slime creature closely misses you.
Two slime creatures merge to form an enormous slime creature.
You slice the enormous slime creature with your +4 scimitar of flaming!!
You burn the enormous slime creature.
You slash the enormous slime creature with your +0 long sword of venom!
Two slime creatures merge to form a titanic slime creature.
You barely miss the titanic slime creature with your +4 scimitar of flaming.
You slash the titanic slime creature with your +0 long sword of venom!
The titanic slime creature barely misses you.
You slash the titanic slime creature with your +0 long sword of venom!
You slash the titanic slime creature with your +4 scimitar of flaming!
You burn the titanic slime creature.
You slash the titanic slime creature with your +4 scimitar of flaming!
You burn the titanic slime creature.
You slash the titanic slime creature with your +0 long sword of venom!
The titanic slime creature hits you!!! 😮 HP[-49]
You take 49 damage, and now have 63/112 hp.
MASSIVE DAMAGE!! (PAUSE)
You hit the titanic slime creature with your +4 scimitar of flaming.
You burn the titanic slime creature.
You slash the titanic slime creature with your +0 long sword of venom!
The titanic slime creature looks as sick as possible!
The titanic slime creature hits you!!!!
Ouch! That really hurt!
You die...

Skill      XL: |  1  2  3  4  5  6  7  8  9 10 11 12 13 14 |
---------------+-------------------------------------------+-----
Long Blades    | 4 5 6 7 9 11 13 14 | 14.3
Invocations    | 1 5 7 10 | 10.0
Fighting       | 6 8 |  8.9
Armour         | 8 |  8.5
Dodging        | 9 10 11 | 11.0
Evocations     | 8 10 | 10.0
Stealth        | 2 |  2.6
Throwing       | |  1.7

Action                     |  1- 3 |  4- 6 |  7- 9 | 10-12 | 13-15 || total
---------------------------+-------+-------+-------+-------+-------++-------
  Melee: Dagger            |    46 |    64 |   245 |     5 |       ||   360
         Long sword        |    50 |    70 |   260 |   382 |   487 ||  1249
         Scimitar          |       |       |       |   401 |   532 ||   933
 Invoke: Heroism           |       |       |       |     6 |    12 ||    18
         Finesse           |       |       |       |       |     2 ||     2
Ability: Invent Gizmo      |       |       |       |       |     1 ||     1
  Evoke: Wand              |       |       |       |       |     2 ||     2
    Use: Scroll            |       |     9 |     3 |     7 |    12 ||    31
         Potion            |       |       |       |     2 |     1 ||     3
   Stab: Sleeping          |     3 |       |     1 |       |     6 ||    10
         Invisible         |       |       |       |       |     5 ||     5
         Distracted        |       |       |       |       |     1 ||     1
 Armour: Leather armour    |    18 |       |       |       |       ||    18
         Ring mail         |     6 |    47 |   162 |   340 |   322 ||   877
         Skin              |     1 |       |       |       |       ||     1
  Dodge: Dodged            |    28 |    29 |    55 |   243 |   368 ||   723

Levels and vault maps discovered:
D:1:      scummos_arrival_star, layout_rooms, wad_floor_pattern_untrapped,
          fountainhead
D:2:      layout_loops_ring, serial_aquarium, aquarium_bridge_square
          [aquarium_subvault_window, aquarium_subvault_bridge,
          aquarium_subvault_bridge, aquarium_subvault_bridge],
          aquarium_window_corner, aquarium_window_fake, aquarium_view_2d,
          aquarium_view_2e, aquarium_pool_S, chequers_serial_rivers_micro_c,
          minmay_shallow_snake_nest
D:3:      layout_basic, nicolae_hepliaklqana_ecumenical_no_more, uniq_sigmund
D:4:      layout_gridville
D:5:      layout_basic, kennysheep_mini, minmay_manual_mess
D:6:      minmay_flawed_box, layout_basic, kennysheep_orc_sif_temple,
          serial_shops, shop, uniq_edmund
D:7:      layout_rooms, minmay_temple_entry_fiery, minmay_misc_feat_hallway,
          chequers_serial_rivers_large_a, uniq_duvessa
D:8:      layout_rooms, mainiacjoe_overflow_alcove_2,
          nicolae_overflow_crystal_walls, chequers_avenue
D:9:      layout_loops_corners, nicolae_dithmenos_the_darkroom, serial_shops,
          shop
D:10:     layout_long_grid, kennysheep_mini_moat,
          mainiacjoe_overflow_small_starburst, hellmonk_lair_entry_icy
D:11:     layout_basic, orc_0_dummy, nicolae_take_the_stairs, uniq_josephine
D:12:     layout_basic, serial_aquarium, aquarium_bridge_island_small
          [aquarium_subvault_small_open, aquarium_subvault_wall,
          aquarium_subvault_bridge, aquarium_subvault_bridge,
          aquarium_subvault_wall], aquarium_bridge_square
          [aquarium_subvault_wall, aquarium_subvault_wall,
          aquarium_subvault_bridge, aquarium_subvault_window],
          aquarium_window_fake, aquarium_window_1, aquarium_window_1,
          aquarium_window_2, aquarium_view_2c, aquarium_view_2a, aquarium_pool_2
D:13:     wad_crossroads, layout_loops_ring, nicolae_twisting_strands,
          uniq_rupert
Temple:   dpeg_chambers_temple
Lair:1:   layout_cave_pods, nzn_ghost_randoct, grunt_megastairs_2
Lair:2:   layout_chaotic_city, nicolae_spider_entry_orb_guardian, uniq_urug,
          uniq_amaemon, uniq_harold
Lair:3:   minmay_lair_oklob_tunnel, layout_loops_ring, minmay_swamp_entry_worms,
          st_stairs_8, chequers_serial_rivers_micro_e
Lair:4:   layout_cave_shapes, dpeg_slime_entry_corner, gauntlet_entry_generic
Lair:5:   wormcave, layout_regular_city, hangedman_lair_in_review

Notes
Turn   | Place    | Note
-------+----------+-------------------------------------------
     0 | D:1      | kae the Coglin Gladiator began the quest for the Orb.
     0 | D:1      | Reached XP level 1. HP: 16/16 MP: 1/1
     0 | D:1      | magus.rc [v1.11.3]
    87 | D:1      | Reached XP level 2. HP: 22/22 MP: 2/2
   367 | D:1      | Reached skill level 4 in Long Blades
   493 | D:2      | Reached XP level 3. HP: 27/27 MP: 3/3
   497 | D:2      | You add the spells Gell's Gravitas, Teleport Other and
                  | Dispersal to your library.
   721 | D:2      | Identified the +4 ring mail of Isocaf {rElec Will+ Str-3}
   877 | D:2      | Identified the +8 rapier of the Pits of Slime {elec, *Noise
                  | rCorr Int+3 Stlth+}
  1172 | D:2      | Reached XP level 4. HP: 28/33 MP: 4/4
  1312 | D:3      | Reached skill level 5 in Long Blades
  1520 | D:3      | Reached XP level 5. HP: 26/38 MP: 5/5
  1630 | D:3      | Noticed Sigmund
  1646 | D:3      | Killed Sigmund
  1647 | D:3      | Reached skill level 6 in Long Blades
  1647 | D:3      | Reached XP level 6. HP: 23/44 MP: 6/6
  1792 | D:3      | Reached skill level 7 in Long Blades
  1919 | D:3      | Found a faded altar of an unknown god.
  1919 | D:3      | Found a faded altar of an unknown god.
  1921 | D:3      | Found a hazy altar of Hepliaklqana.
  2198 | D:3      | Identified a scroll of acquirement
  2198 | D:3      | Acquired 699 gold pieces
  2386 | D:4      | Reached XP level 7. HP: 50/50 MP: 7/7
  2440 | D:4      | Reached skill level 8 in Long Blades
  2767 | D:4      | Reached skill level 9 in Long Blades
  2787 | D:4      | Reached XP level 8. HP: 45/56 MP: 8/8
  3152 | D:5      | Entered Level 5 of the Dungeon
  3235 | D:5      | Reached skill level 10 in Long Blades
  3561 | D:5      | Reached skill level 11 in Long Blades
  3861 | D:5      | Found a sparkling altar of Nemelex Xobeh.
  4153 | D:6      | Reached XP level 9. HP: 50/61 MP: 9/9
  4403 | D:6      | Found Oxunal's General Store.
  4422 | D:6      | Bought a potion of attraction for 39 gold pieces
  4447 | D:6      | Reached skill level 12 in Long Blades
  4843 | D:6      | Found a shimmering blue altar of Sif Muna.
  4910 | D:6      | Noticed Edmund
  4922 | D:6      | Killed Edmund
  5198 | D:7      | Noticed Duvessa
  5200 | D:7      | Noticed Dowan
  5211 | D:7      | Killed Duvessa
  5211 | D:7      | Killed Dowan
  5295 | D:7      | Reached skill level 13 in Long Blades
  5497 | D:7      | You add the spells Ignite Poison, Sticky Flame and Ignition
                  | to your library.
  5722 | D:7      | Found a staircase to the Ecumenical Temple.
  5734 | Temple   | Entered the Ecumenical Temple
  5755 | Temple   | Became a worshipper of Warmaster Okawaru
  6104 | D:8      | Reached skill level 1 in Invocations
  6241 | D:8      | Reached XP level 10. HP: 59/67 MP: 9/11
  6336 | D:8      | Reached skill level 2 in Invocations
  6380 | D:8      | Reached * piety under Okawaru
  6460 | D:8      | You pick up a book of Misfortune and begin reading...
  6460 | D:8      | You add the spells Jinxbite, Yara's Violent Unravelling and
                  | Enfeeble to your library.
  6629 | D:8      | Found a sacrificial altar of Ru.
  6703 | D:8      | Found a radiant altar of Vehumet.
  6814 | D:9      | Reached skill level 14 in Long Blades
  6821 | D:9      | Reached skill level 3 in Invocations
  6969 | D:9      | Found a shadowy altar of Dithmenos.
  7212 | D:9      | Noticed a two-headed ogre
  7218 | D:9      | HP: 4/67 [two-headed ogre/+0 giant club (14)]
  7219 | D:9      | Killed a two-headed ogre
  7220 | D:9      | Reached skill level 4 in Invocations
  7476 | D:9      | Reached skill level 5 in Invocations
  7479 | D:9      | Reached skill level 3 in Fighting
  7481 | D:9      | Reached ** piety under Okawaru
  7485 | D:9      | Reached skill level 4 in Fighting
  7572 | D:9      | Found Otuh's General Store.
  7577 | D:9      | Bought a scroll of enchant weapon for 90 gold pieces
  7577 | D:9      | Bought a potion of invisibility for 96 gold pieces
  7889 | D:9      | Reached skill level 5 in Fighting
  8212 | D:10     | Entered Level 10 of the Dungeon
  8212 | D:10     | Found an ancient bone altar of Kikubaaqudgha.
  8252 | D:10     | Reached skill level 6 in Fighting
  8263 | D:10     | Found a staircase to the Lair.
  8271 | D:10     | Reached XP level 11. HP: 42/83 MP: 14/14
  8304 | D:10     | Reached skill level 7 in Fighting
  8311 | D:10     | Reached *** piety under Okawaru
  8560 | D:10     | Reached skill level 8 in Fighting
  8712 | D:10     | Reached skill level 1 in Armour
  8811 | D:10     | Reached skill level 2 in Armour
  9147 | D:10     | Found a stormy altar of Qazlal.
  9388 | D:10     | Reached skill level 3 in Armour
  9639 | D:11     | Reached skill level 4 in Armour
  9644 | D:11     | Reached **** piety under Okawaru
  9761 | D:11     | Found Fec Ygapor's General Store.
  9929 | D:11     | Noticed a two-headed ogre
  9937 | D:11     | Reached skill level 5 in Armour
  9946 | D:11     | HP: 17/86 [something (14)]
  9955 | D:11     | Killed a two-headed ogre
  9956 | D:11     | Reached skill level 6 in Armour
 10172 | D:11     | Found a staircase to the Orcish Mines.
 10193 | D:11     | You pick up a book of Beasts and begin reading...
 10379 | D:11     | Noticed Josephine
 10385 | D:11     | Noticed a two-headed ogre
 10389 | D:11     | Killed Josephine
 10389 | D:11     | Reached ***** piety under Okawaru
 10390 | D:11     | Reached skill level 7 in Armour
 10414 | D:11     | Killed a two-headed ogre
 10415 | D:11     | Reached skill level 8 in Armour
 10415 | D:11     | Reached XP level 12. HP: 57/92 MP: 15/15
 10419 | D:11     | Received a gift from Okawaru
 10420 | D:11     | Reached skill level 3 in Dodging
 10539 | D:11     | Noticed a two-headed ogre
 10546 | D:11     | Killed a two-headed ogre
 10604 | D:11     | Reached skill level 4 in Dodging
 11263 | Lair:1   | Entered Level 1 of the Lair of Beasts
 11273 | Lair:1   | Reached skill level 5 in Dodging
 11283 | Lair:1   | HP: 11/92 [cane toad (18)]
 11460 | Lair:1   | Reached skill level 6 in Dodging
 11708 | Lair:1   | Identified the +10 long sword of Bodily Harmony {pain,
                  | rPois rF+ rCorr}
 11718 | Lair:1   | Found a transporter.
 11743 | Lair:1   | Reached skill level 7 in Dodging
 12179 | Lair:1   | Reached skill level 8 in Dodging
 12197 | Lair:1   | Received a gift from Okawaru
 12433 | Lair:1   | Noticed Coiter's ghost (journeyman SpDe)
 12434 | Lair:1   | Found a transporter.
 12723 | Lair:1   | Reached skill level 9 in Dodging
 12841 | Lair:2   | Noticed Amaemon
 12855 | Lair:2   | Killed Amaemon
 12871 | Lair:2   | Reached XP level 13. HP: 66/98 MP: 16/16
 13105 | Lair:2   | Reached skill level 10 in Dodging
 13206 | Lair:2   | Noticed Harold
 13219 | Lair:2   | Killed Harold
 13219 | Lair:2   | Received a gift from Okawaru
 13220 | Lair:2   | Reached skill level 1 in Evocations
 13336 | Lair:2   | Found a hole to the Spider Nest.
 13439 | Lair:2   | magus.rc [v1.11.3]
 13450 | Lair:2   | Reached skill level 2 in Evocations
 13816 | Lair:2   | Noticed Urug
 13823 | Lair:2   | Killed Urug
 13824 | Lair:2   | Reached skill level 3 in Evocations
 13825 | Lair:2   | a +1 double sword of holy wrath {rare}; a +0 scale mail
 14048 | Lair:3   | You pick up a book of Death and begin reading...
 14118 | Lair:3   | Reached skill level 4 in Evocations
 14138 | Lair:2   | Reached skill level 6 in Invocations
 14337 | Lair:3   | Reached skill level 5 in Evocations
 14381 | Lair:3   | Received a gift from Okawaru
 14733 | Lair:3   | Reached skill level 6 in Evocations
 14817 | Lair:3   | Found a staircase to the Swamp.
 16045 | Lair:4   | Reached skill level 7 in Evocations
 16068 | Lair:4   | Found a staircase to the Slime Pits.
 16121 | Lair:4   | Found a gate leading to a gauntlet.
 16130 | Gauntlet | Entered a Gauntlet
 16130 | Gauntlet | Found a transporter.
 16130 | Gauntlet | Found a transporter.
 16149 | Gauntlet | Found a transporter.
 16163 | Gauntlet | Found a transporter.
 16164 | Gauntlet | Found a transporter.
 16176 | Gauntlet | Found a transporter.
 16176 | Gauntlet | Found a transporter.
 16181 | Gauntlet | Found a runed translucent door.
 16189 | Gauntlet | Found a transporter.
 16200 | Gauntlet | Found a transporter.
 16214 | Gauntlet | Found a transporter.
 16218 | Gauntlet | Found a transporter.
 16227 | Gauntlet | Found a transporter.
 16415 | Gauntlet | Reached skill level 7 in Invocations
 16524 | Gauntlet | Received a gift from Okawaru
 16591 | Gauntlet | Noticed a minotaur
 16601 | Gauntlet | Killed a minotaur
 16602 | Gauntlet | Reached skill level 8 in Evocations
 16888 | Lair:4   | You pick up a book of Battle and begin reading...
 16888 | Lair:4   | You add the spells Fugue of the Fallen, Ozocubu's Armour
                  | and Manifold Assault to your library.
 16939 | Lair:4   | Reached XP level 14. HP: 91/105 MP: 17/19
 16942 | Lair:4   | Acquired a neocore N-60 {AutoDazzle, rF+ Slay+3}
 17007 | Lair:4   | Reached skill level 9 in Evocations
 17214 | Lair:4   | Reached skill level 8 in Invocations
 17536 | Lair:5   | Entered Level 5 of the Lair of Beasts
 17571 | Lair:5   | Reached skill level 10 in Evocations
 17756 | Lair:5   | Received a gift from Okawaru
 18044 | Lair:5   | Reached skill level 9 in Invocations
 18970 | Lair:5   | Reached skill level 10 in Invocations
 18987 | Lair:5   | Paralysed by a hornet for 1 turns
 19275 | Lair:5   | Received a gift from Okawaru
 19276 | Lair:5   | Reached skill level 1 in Stealth
 19692 | Lair:5   | Reached skill level 2 in Stealth
 20626 | D:12     | Reached skill level 11 in Dodging
 21299 | D:12     | Reached XP level 15. HP: 88/112 MP: 22/22
 21866 | D:13     | Annihilated by a titanic slime creature

Vanquished Creatures
  A minotaur (Gauntlet)
  Josephine (D:11)
  Harold (Lair:2)
  4 hydras
  A fire dragon (Lair:5)
  2 catoblepae (Lair:5)
  4 two-headed ogres
  A boulder beetle (Lair:5)
  9 death yaks
  Urug (Lair:2)
  Amaemon (Lair:2)
  A skyshark (Lair:3)
  An orb spider (Lair:2)
  2 lindwurms (Lair:5)
  A necromancer (Gauntlet)
  An ugly thing (D:12)
  4 manticores
  18 elephants
  A black mamba (Lair:5)
  6 torpor snails (Lair:5)
  An orange demon (Lair:2)
  A gargoyle (D:10)
  9 cane toads
  A smoke demon (Gauntlet)
  7 rime drakes
  9 komodo dragons
  A red devil (Gauntlet)
  4 trolls
  7 hornets (Lair:5)
  6 tyrant leeches
  20 blink frogs
  4 dream sheep (Lair:5)
  A shadow (D:11)
  A water elemental (D:12)
  A vampire (D:11)
  Sigmund (D:3)
  23 yaks
  5 wraiths
  5 basilisks
  6 wyverns
  3 steam dragons
  2 vampire mosquitoes (D:11)
  Edmund (D:6)
  3 acid dragons
  Duvessa (D:7)
  4 water moccasins
  6 swamp worms
  2 sky beasts (D:7)
  12 ice beasts
  3 ogres
  14 centaurs
  23 wolves
  A phantom (D:6)
  3 gnoll sergeants
  15 bullfrogs
  5 scorpions
  11 wights
  Dowan (D:7)
  13 killer bees (D:9)
  2 electric eels (D:12)
  3 bombardier beetles (D:4)
  2 crimson imps (Gauntlet)
  4 hounds
  2 jellies (D:4)
  An orc priest (D:12)
  A gnoll bouda (D:4)
  4 iguanas
  21 orc wizards
  A sleepcap (D:7)
  4 hell rats (Lair:3)
  15 gnolls
  7 adders
  2 shadow imps
  4 white imps
  3 ufetubi
  4 dart slugs
  17 orcs
  13 ball pythons
  A bat (D:1)
  8 endoplasms
  2 giant cockroaches
  8 goblins
  8 hobgoblins
  7 jackals
  9 kobolds
  3 frilled lizards
  3 rats
456 creatures vanquished.

Table legend:
 A = Non-vault XP
 B = Vault XP
 C = Vault XP percentage of total XP
 D = Non-vault monster count
 E = Vault monster count
 F = Vault count percentage of total count
                 A         B        C        D         E       F
            +---------+---------+-------+---------+---------+-------
      Total |   54257 |   32400 |  37.4 |     338 |     118 |  25.9
            +---------+---------+-------+---------+---------+-------
        D:1 |      31 |       0 |   0.0 |      15 |       0 |   0.0
        D:2 |      39 |      22 |  36.1 |      16 |       7 |  30.4
        D:3 |     168 |     214 |  56.0 |      27 |       1 |   3.6
        D:4 |     808 |       0 |   0.0 |      26 |       0 |   0.0
        D:5 |     715 |     247 |  25.7 |      19 |       5 |  20.8
        D:6 |     420 |     491 |  53.9 |       6 |      11 |  64.7
        D:7 |     915 |     219 |  19.3 |      16 |       2 |  11.1
        D:8 |     827 |       0 |   0.0 |      11 |       0 |   0.0
        D:9 |    3291 |       0 |   0.0 |      23 |       0 |   0.0
       D:10 |    2477 |    2300 |  48.1 |      16 |      14 |  46.7
       D:11 |    7057 |    1721 |  19.6 |      37 |       5 |  11.9
       D:12 |    2886 |       0 |   0.0 |      20 |       0 |   0.0
     Lair:1 |    6777 |    1624 |  19.3 |      33 |       7 |  17.5
     Lair:2 |    4747 |    3609 |  43.2 |      13 |       5 |  27.8
     Lair:3 |    6791 |    1534 |  18.4 |      21 |       8 |  27.6
     Lair:4 |    7732 |       0 |   0.0 |      21 |       0 |   0.0
     Lair:5 |    8576 |   16614 |  66.0 |      18 |      39 |  68.4
   Gauntlet |       0 |    3805 | 100.0 |       0 |      14 | 100.0
            +---------+---------+-------+---------+---------+-------

Skill      XL: |  1  2  3  4  5  6  7  8  9 10 11 12 13 14 |
---------------+-------------------------------------------+-----
Long Blades    | 4 5 6 7 9 11 13 14 | 14.3
Invocations    | 1 5 7 10 | 10.0
Fighting       | 6 8 |  8.9
Armour         | 8 |  8.5
Dodging        | 9 10 11 | 11.0
Evocations     | 8 10 | 10.0
Stealth        | 2 |  2.6
Throwing       | |  1.7

Action                     |  1- 3 |  4- 6 |  7- 9 | 10-12 | 13-15 || total
---------------------------+-------+-------+-------+-------+-------++-------
  Melee: Dagger            |    46 |    64 |   245 |     5 |       ||   360
         Long sword        |    50 |    70 |   260 |   382 |   487 ||  1249
         Scimitar          |       |       |       |   401 |   532 ||   933
 Invoke: Heroism           |       |       |       |     6 |    12 ||    18
         Finesse           |       |       |       |       |     2 ||     2
Ability: Invent Gizmo      |       |       |       |       |     1 ||     1
  Evoke: Wand              |       |       |       |       |     2 ||     2
    Use: Scroll            |       |     9 |     3 |     7 |    12 ||    31
         Potion            |       |       |       |     2 |     1 ||     3
   Stab: Sleeping          |     3 |       |     1 |       |     6 ||    10
         Invisible         |       |       |       |       |     5 ||     5
         Distracted        |       |       |       |       |     1 ||     1
 Armour: Leather armour    |    18 |       |       |       |       ||    18
         Ring mail         |     6 |    47 |   162 |   340 |   322 ||   877
         Skin              |     1 |       |       |       |       ||     1
  Dodge: Dodged            |    28 |    29 |    55 |   243 |   368 ||   723

Illustrated notes

Table legend:
 A = Kills in this place as a percentage of kills in the entire game.
 B = Kills by you in this place as a percentage of kills by you in the entire game.
 C = Kills by friends in this place as a percentage of kills by friends in the entire game.
 D = Other kills in this place as a percentage of other kills in the entire game.
 E = Experience gained in this place as a percentage of experience gained in the entire game.
 F = Experience gained in this place divided by the number of levels of this place that you have seen.
                   A       B       C       D       E      F
               +-------+-------+-------+-------+-------+----------------------
         Total | 100.0 | 100.0 |   N/A |   N/A | 100.0 | 4332.9
       Dungeon |  60.7 |  60.7 |   N/A |   N/A |  28.7 | 1911.4
          Lair |  36.2 |  36.2 |   N/A |   N/A |  66.9 | 11600.8
      Gauntlet |   3.1 |   3.1 |   N/A |   N/A |   4.4 | 3805.0
               +-------+-------+-------+-------+-------+----------------------

Table legend: (Time is in decaauts)
 A = Elapsed time spent in this place.
 B = Non-inter-level travel time spent in this place.
 C = Inter-level travel time spent in this place.
 D = Time resting spent in this place.
 E = Time spent auto-exploring this place.
 F = Levels seen in this place.
 G = Mean time per level.
                   A        B        C        D        E       F      G
               +--------+--------+--------+--------+--------+-----+--------+
         Total |  21558 |  20863 |    695 |   3084 |  14792 |  20 | 1077.9 |
       Dungeon |  12767 |  12350 |    417 |   1272 |   9400 |  13 |  982.1 |
        Temple |     42 |      1 |     41 |      0 |      0 |   1 |   42.0 |
          Lair |   8171 |   7934 |    237 |   1768 |   5077 |   5 | 1634.2 |
      Gauntlet |    576 |    576 |      0 |     43 |    315 |   1 |  576.0 |
               +--------+--------+--------+--------+--------+-----+--------+

Top non-repeatable levels by time:
  Lair:5: 2799 daAuts
  Lair:3: 1764 daAuts
    D:11: 1630 daAuts
    D:10: 1581 daAuts
     D:9: 1481 daAuts
  Lair:1: 1373 daAuts
    D:12: 1372 daAuts
  Lair:2: 1332 daAuts
     D:5: 963 daAuts
     D:3: 954 daAuts
     D:6: 928 daAuts
     D:4: 908 daAuts
  Lair:4: 902 daAuts
     D:8: 828 daAuts
     D:7: 822 daAuts
